 Dungeon Crawl Stone Soup version 0.32-a0-685-g93135e86f0 (webtiles) character file.

Game seed: 15285912495446621625

9349 Sanktem7 the Cleaver (level 11, -3/97 HPs)
             Began as a Minotaur Fighter on Mar 12, 2024.
             Was an Elder of Okawaru.
             Slain by a two-headed ogre
             ... wielding a +0 giant club
              (14 damage)
             ... on level 10 of the Dungeon.
             The game lasted 00:16:50 (9721 turns).

Sanktem7 the Cleaver (Minotaur Fighter)             Turns: 9721, Time: 00:16:51

Health: -3/97      AC: 21    Str: 23    XL:     11   Next: 21%
Magic:  0/10       EV:  7    Int:  4    God:    Okawaru [****..]
Gold:   582        SH:  6    Dex: 15    Spells: 10/10 levels left

rFire   . . .        j - +0 broad axe (elec) {axe}
rCold   . . .        c - +0 buckler
rNeg    . . .        F - +0 plate armour
rPois   .            (helmet restricted)
rElec   .            l - +0 cloak
rCorr   .            (no gloves)
SInv    .            g - +0 pair of boots
Will    +....        f - amulet of guardian spirit Stlth
                     o - ring of flight
HPRegen 0.36/turn    u - +4 ring of protection
MPRegen 0.12/turn

%: guardian spirit
@: flying
A: horns 2, retaliatory headbutt, talons 1, agile 1, strong-willed 1
a: Renounce Religion, Heroism, Finesse


You were on level 10 of the Dungeon.
You worshipped Okawaru.
Okawaru was greatly pleased with you.
You visited 2 branches of the dungeon, and saw 11 of its levels.

You collected 632 gold pieces.
You spent 50 gold pieces at shops.


Innate Abilities, Weirdness & Mutations

You have a pair of horns on your head.
You reflexively headbutt those who attack you in melee.
You have sharp toenails.
You are agile. (Dex +4, Str/Int -1)
You are strong-willed. (Will+)


   Skills:
 + Level 9.6 Fighting
 * Level 12.6 Axes
 + Level 6.8 Throwing
 + Level 9.3 Armour
 + Level 9.3 Shields


You had 10 spell levels left.
You didn't know any spells.
Your spell library contained the following spells:

 Spells                   Type           Power      Damage    Failure   Level
 Kiss of Death            Conj/Necr      0%         2d5       100%        1
 Blink                    Tloc           0%         N/A       100%        2
 Cigotuvi's Dreadful Rot  Necr/Alch/Air  0%         N/A       100%        2
 Lesser Beckoning         Tloc           0%         N/A       100%        2
 Momentum Strike          Conj/Tloc      0%         3d8       100%        2
 Confusing Touch          Hex            0%         N/A       100%        3
 Gell's Gravitas          Tloc           0%         N/A       100%        3
 Sigil of Binding         Hex            0%         N/A       100%        3
 Teleport Other           Tloc           0%         N/A       100%        3
 Dispel Undead            Necr           0%         3d6       100%        4
 Ignite Poison            Fire/Alch      0%         N/A       100%        4
 Freezing Cloud           Conj/Ice/Air   0%         6-21      100%        5
 Death Channel            Necr           Unusable   N/A       N/A         6
 Sculpt Simulacrum        Ice/Alch       Unusable   N/A       N/A         6

Inventory:

Hand Weapons
 a - a +1 war axe of freezing {axe}
 j - a +0 broad axe of electrocution (weapon) {axe}
   (You took it off Maggie on level 9 of the Dungeon)
 G - a +0 morningstar of protection {mace}
   (You took it off an orc on level 5 of the Dungeon)
Missiles
 n - 6 darts of dispersal {=f!fthrowing}
 p - 55 poisoned darts {throwing}
 q - 21 boomerangs (quivered) {throwing}
 A - 37 stones {throwing}
Armour
 c - a +0 buckler (worn)
 g - a +0 pair of boots (worn)
   (You found it on level 1 of the Dungeon)
 l - a +0 cloak (worn)
   (You found it on level 2 of the Dungeon)
 F - a +0 plate armour (worn)
   (You found it on level 5 of the Dungeon)
Magical Staves
 w - a staff of death {!astaff}
   (You found it on level 6 of the Dungeon)
Jewellery
 f - an amulet of guardian spirit (around neck)
   (You found it on level 6 of the Dungeon)
 o - a ring of flight (left hand)
   (You found it on level 2 of the Dungeon)
 u - a +4 ring of protection (right hand)
   (You found it on level 3 of the Dungeon)
Wands
 e - a wand of paralysis (9)
   (You found it on level 6 of the Dungeon)
 r - a wand of digging (5)
   (You found it on level 5 of the Dungeon)
 H - a wand of acid (7)
   (You found it on level 8 of the Dungeon)
Scrolls
 b - 2 scrolls of amnesia
 h - a scroll of revelation
 i - 2 scrolls of identify {@r1}
 k - 2 scrolls of teleportation {@r4}
 y - 2 scrolls of immolation {!r!r}
Potions
 d - 2 potions of might
 m - 7 potions of curing {@q1}
 s - 3 potions of heal wounds {@q2}
 t - a potion of magic
 v - 2 potions of resistance
 x - 2 potions of attraction {!q}
 z - a potion of lignification {unknown}
 C - 4 potions of cancellation
 D - 3 potions of haste {@q3}
 E - a potion of degeneration {!q@e2}

Dungeon Overview and Level Annotations

Branches:
Dungeon (10/15) Zot: 26692  Temple (1/1) D:7 Zot: 5969    Lair (0/5) D:9
    Orc: D:9-12

Altars:
Cheibriados
Dithmenos
Elyvilon
Fedhas
Gozag
Hepliaklqana
Kikubaaqudgha
Makhleb
Nemelex Xobeh
Okawaru
Qazlal
Ru
Sif Muna
Trog
Uskayaw
Vehumet
Wu Jian
Xom
Yredelemnul
Zin
The Shining One
Beogh

Shops:
D:6 ! D:9

( .....##...##.## .
..............######
#.
....#.##.###...O...##
.. ....#.##.#
#...###..###########..
....#.##.#
###..###....)..#......
....#..#.#
##.#########..).?...
....##.#.#
#....########).....
.##.# .#.#
######.##...†.)).....
. #. ...#
#...@O†...#####)...#.
..## #.####†####
##!.## ... #. #....
).... ## ####...
#...... ..... .......
....##...... ....
..... ...


You could see a two-headed ogre.


Message History

* * * LOW HITPOINT WARNING * * *
You block the orc warrior's attack. 😨 HP[-4]
You take 4 damage, and now have 31/97 hp.
You barely miss something. Something hits you.
* * * LOW HITPOINT WARNING * * *
You block something's attack.
The orc warrior hits you but does no damage. 😨 HP[-4]
You take 4 damage, and now have 27/97 hp.
You miss something. Your headbutt misses something.
You block something's attack. You block the orc warrior's attack.
You completely miss something. Your headbutt misses something.
Something hits you.
* * * LOW HITPOINT WARNING * * *
The orc warrior hits you from afar with a +0 glaive!
* * * LOW HITPOINT WARNING * * *
😱 HP[-10] MP[-2]
You take 10 damage, and now have 17/97 hp.
You lost 2 mp, and now have 2/10 mp.
You hit something. Okawaru accepts your kill.
Reactivating autopickup.
You feel a bit more experienced.
The orc warrior hits you but does no damage.
You block the orc warrior's attack.
You barely miss the orc warrior.
You headbutt the orc warrior, but do no damage.
The orc warrior hits you but does no damage. 😱 HP[+1]
You hit the orc warrior. You headbutt the orc warrior!
The orc warrior hits you but does no damage.
You barely miss the orc warrior.
The orc warrior hits you with a +0 glaive.
* * * LOW HITPOINT WARNING * * *
😱 HP[-4]
You take 4 damage, and now have 14/97 hp.
You slash the orc warrior!
You kill the orc warrior!
Okawaru accepts your kill. 😱 HP[+1] MP[+1]
A two-headed ogre comes into view.
It is wielding two +0 giant clubs. 😨 HP[+10] MP[+3]
You regained 10 hp, and now have 25/97 hp.
You regained 3 mp, and now have 6/10 mp.
A two-headed ogre is nearby!
Items here: ) [[ †. 😨 HP[+1] 😨 HP[+1] MP[+1]
Items here: )) [ †.
You now have 582 gold pieces (gained 12).
Things that are here:
a +0 glaive {polearm}; a +0 plate armour 😨 HP[+1]
Things that are here:
a +0 whip {mace}; an orc corpse You see here a killer bee corpse. 😨 HP[+1] 😨 HP[+1] 😨 MP[+1]
You start resting.
A two-headed ogre is nearby! 😨 HP[+2]
You regained 2 hp, and now have 32/97 hp.
You see here a killer bee corpse. 😨 HP[+1] MP[+1] 😨 HP[+1] 😨 HP[+1]
You barely miss the two-headed ogre.
Your headbutt misses the two-headed ogre.
The two-headed ogre barely misses you. The two-headed ogre closely misses you.
You slice the two-headed ogre!!
Your headbutt misses the two-headed ogre. 😨 HP[+1] MP[+1]
Your mp is fully restored (10).
You barely miss the two-headed ogre. You block the two-headed ogre's attack.
The two-headed ogre hits you with a +0 giant club!
* * * LOW HITPOINT WARNING * * *
😨 HP[-10] MP[-3]
You take 10 damage, and now have 26/97 hp.
You lost 3 mp, and now have 7/10 mp.
You hit the two-headed ogre.
The two-headed ogre hits you with a +0 giant club!
* * * LOW HITPOINT WARNING * * *
The two-headed ogre closely misses you. 😱 HP[-8] MP[-2]
You take 8 damage, and now have 18/97 hp.
You lost 2 mp, and now have 5/10 mp.
You barely miss the two-headed ogre.
You headbutt the two-headed ogre! 😱 HP[+1]
You slice the two-headed ogre!!
The two-headed ogre hits you but does no damage.
The two-headed ogre hits you with a +0 giant club!
* * * LOW HITPOINT WARNING * * *
😱 HP[-8] MP[-3]
You take 8 damage, and now have 11/97 hp.
You lost 3 mp, and now have 2/10 mp.
You barely miss the two-headed ogre.
The two-headed ogre hits you with a +0 giant club!
You die...

Skill      XL: |  1  2  3  4  5  6  7  8  9 10 |
---------------+-------------------------------+-----
Axes           | 3 4 5 6 7 8 10 12 | 12.6
Shields        | 4 5 6 7 9 |  9.3
Fighting       | 4 5 7 8 9 |  9.6
Armour         | 4 5 6 7 9 |  9.3
Throwing       | 1 2 4 5 6 |  6.8

Action                     |  1- 3 |  4- 6 |  7- 9 | 10-12 || total
---------------------------+-------+-------+-------+-------++-------
  Melee: War axe           |    95 |    99 |   232 |    91 ||   517
         Headbutt          |     8 |    16 |    54 |    43 ||   121
         Broad axe         |       |       |       |   146 ||   146
    Use: Scroll            |       |       |    15 |     7 ||    22
         Potion            |       |       |     3 |     2 ||     5
 Armour: Scale mail        |    43 |       |       |       ||    43
         Chain mail        |    46 |   107 |    46 |       ||   199
         Plate armour      |       |       |   285 |   356 ||   641
  Dodge: Dodged            |    42 |    48 |   109 |   108 ||   307
  Block: Buckler           |    33 |    34 |    99 |   108 ||   274

Levels and vault maps discovered:
D:1:      lightli_arrival_boilingwater, layout_basic,
          hellmonk_ecumenical_altar_zigzags, moated_statue, interstate_on_off
D:2:      layout_basic, minmay_circle_x, uniq_crazy_yiuf_cottage
D:3:      layout_loops_ring
D:4:      layout_basic
D:5:      lemuel_ice_spiral_2, layout_basic, nrook_mini_backslash
D:6:      layout_basic, doesnt_xom_only_xom, serial_shops,
          nicolae_shop_rolling_square, minmay_ruined_shrine
D:7:      layout_basic, minmay_temple_entry_grid, minmay_misc_feat_chi
D:8:      layout_cave_pools, lemuel_zombie_altar_yredelemnul,
          supply_closet_lemuel, serial_library_hellmonk_open_cross
D:9:      layout_roguey [special_room_orc], lemuel_round_altar,
          lair_entry_dummy, serial_shops, shop_fountains, uniq_maggie, uniq_grum
D:10:     old_forge, layout_rooms, lemuel_coloured_pillars_altar
Temple:   regret_index_temple_mists

Notes
Turn   | Place    | Note
-------+----------+-------------------------------------------
     0 | D:1      | Sanktem7 the Minotaur Fighter began the quest for the Orb.
     0 | D:1      | Reached XP level 1. HP: 19/19 MP: 0/0
     0 | D:1      | magus.rc [v1.9.6]
   176 | D:1      | Reached XP level 2. HP: 24/27 MP: 1/1
   198 | D:1      | Reached skill level 3 in Axes
   447 | D:1      | Reached XP level 3. HP: 33/33 MP: 2/2
   500 | D:1      | Reached skill level 4 in Shields
   604 | D:1      | Reached skill level 4 in Fighting
   617 | D:1      | Reached skill level 4 in Armour
   710 | D:1      | Found a faded altar of an unknown god.
  1177 | D:2      | Found a runed translucent door.
  1178 | D:2      | Noticed Crazy Yiuf
  1301 | D:2      | You pick up a book of Touch and begin reading...
  1301 | D:2      | You add the spells Kiss of Death, Confusing Touch and
                  | Dispel Undead to your library.
  1488 | D:2      | Reached XP level 4. HP: 40/40 MP: 3/3
  1681 | D:2      | Reached skill level 4 in Axes
  1954 | D:2      | Paralysed by Crazy Yiuf for 1 turns
  1956 | D:2      | Killed Crazy Yiuf
  2091 | D:3      | HP: 4/41 [orc priest/divine providence (15)]
  2093 | D:3      | Reached XP level 5. HP: 5/47 MP: 4/4
  2413 | D:3      | Noticed a black bear
  2426 | D:3      | Reached skill level 5 in Axes
  2429 | D:3      | Killed a black bear
  2430 | D:3      | Reached skill level 5 in Fighting
  2430 | D:3      | Reached skill level 1 in Throwing
  2430 | D:3      | Reached XP level 6. HP: 46/56 MP: 5/5
  3154 | D:4      | Reached skill level 5 in Shields
  3181 | D:4      | You pick up a book of Displacement and begin reading...
  3181 | D:4      | You add the spells Lesser Beckoning, Gell's Gravitas and
                  | Teleport Other to your library.
  3322 | D:4      | Reached skill level 5 in Armour
  3463 | D:4      | Reached skill level 6 in Axes
  3463 | D:4      | Reached XP level 7. HP: 52/61 MP: 6/6
  3701 | D:4      | magus.rc [v1.9.6]
  3744 | D:5      | Entered Level 5 of the Dungeon
  3744 | D:5      | Noticed a wyvern
  3752 | D:5      | HP: 14/61 [wyvern (5)]
  3753 | D:5      | Killed a wyvern
  3754 | D:5      | Reached skill level 2 in Throwing
  3991 | D:5      | Reached skill level 7 in Axes
  4122 | D:5      | Reached XP level 8. HP: 45/70 MP: 7/7
  4124 | D:5      | Reached skill level 6 in Fighting
  4279 | D:5      | Reached skill level 6 in Shields
  4483 | D:5      | Reached skill level 3 in Throwing
  4502 | D:5      | Reached skill level 6 in Armour
  4831 | D:6      | Reached skill level 8 in Axes
  4986 | D:6      | HP: 12/71 [iguana (9)]
  4996 | D:6      | HP: 14/71 [scorpion (1)]
  5005 | D:6      | Reached skill level 7 in Fighting
  5005 | D:6      | Reached skill level 4 in Throwing
  5005 | D:6      | Reached XP level 9. HP: 21/79 MP: 2/8
  5007 | D:6      | HP: 12/79 [kobold brigand/+0 short sword (8)]
  5047 | D:6      | Reached skill level 9 in Axes
  5239 | D:6      | Reached skill level 7 in Armour
  5288 | D:6      | Found a snail-covered altar of Cheibriados.
  5325 | D:6      | Reached skill level 7 in Shields
  5436 | D:6      | You pick up a book of Spatial Translocations and begin
                  | reading...
  5436 | D:6      | You add the spells Blink and Momentum Strike to your
                  | library.
  5514 | D:6      | Found Etyimn's Distillery.
  5519 | D:6      | Bought a potion of heal wounds for 50 gold pieces
  5658 | D:6      | Found an ancient bone altar of Kikubaaqudgha.
  5661 | D:6      | Found a shimmering altar of Xom.
  5661 | D:6      | Found a basalt altar of Yredelemnul.
  5663 | D:6      | Found a shimmering altar of Xom.
  5663 | D:6      | Found a radiant altar of Vehumet.
  5663 | D:6      | Found an opulent altar of Gozag.
  5815 | D:6      | Gained mutation: You are agile. (Dex +4, Str/Int -1)
                  | [potion of mutation]
  5815 | D:6      | Gained mutation: Your body sometimes deteriorates upon
                  | taking damage. [potion of mutation]
  5815 | D:6      | Gained mutation: Armour fits poorly on your strangely
                  | shaped body. [potion of mutation]
  5815 | D:6      | Gained mutation: You have supernaturally acute eyesight.
                  | (SInv) [potion of mutation]
  5816 | D:6      | Lost mutation: You are agile. (Dex +4, Str/Int -1) [potion
                  | of mutation]
  5816 | D:6      | Lost mutation: You have supernaturally acute eyesight.
                  | (SInv) [potion of mutation]
  5816 | D:6      | Lost mutation: Armour fits poorly on your strangely shaped
                  | body. [potion of mutation]
  5816 | D:6      | Gained mutation: You are agile. (Dex +4, Str/Int -1)
                  | [potion of mutation]
  5816 | D:6      | Gained mutation: You have sharp toenails. [potion of
                  | mutation]
  5816 | D:6      | Lost mutation: Your body sometimes deteriorates upon taking
                  | damage. [potion of mutation]
  5816 | D:6      | Gained mutation: You are strong-willed. (Will+) [potion of
                  | mutation]
  6063 | D:7      | Noticed a troll
  6078 | D:7      | Killed a troll
  6417 | D:7      | Found a staircase to the Ecumenical Temple.
  6423 | Temple   | Entered the Ecumenical Temple
  6438 | Temple   | Became a worshipper of Warmaster Okawaru
  6736 | D:7      | Reached skill level 10 in Axes
  6738 | D:7      | Reached skill level 5 in Throwing
  6740 | D:7      | Reached skill level 8 in Fighting
  6906 | D:8      | Reached * piety under Okawaru
  7005 | D:8      | Reached XP level 10. HP: 75/88 MP: 9/9
  7012 | D:8      | Reached skill level 8 in Shields
  7013 | D:8      | Reached skill level 8 in Armour
  7226 | D:8      | Noticed a two-headed ogre
  7237 | D:8      | Killed a two-headed ogre
  7237 | D:8      | Reached ** piety under Okawaru
  7331 | D:8      | You pick up a book of Wicked Creation and begin reading...
  7338 | D:8      | You add the spells Cigotuvi's Dreadful Rot, Ignite Poison
                  | and Freezing Cloud to your library.
  7352 | D:8      | Noticed a two-headed ogre
  7360 | D:8      | Killed a two-headed ogre
  7361 | D:8      | Reached skill level 11 in Axes
  7571 | D:8      | Found a basalt altar of Yredelemnul.
  7697 | D:8      | Reached skill level 6 in Throwing
  7736 | D:8      | Reached *** piety under Okawaru
  8016 | D:9      | Found a roughly hewn altar of Beogh.
  8021 | D:9      | Reached skill level 9 in Fighting
  8109 | D:9      | Noticed Maggie
  8122 | D:9      | Killed Maggie
  8198 | D:9      | Found a sparkling altar of Nemelex Xobeh.
  8406 | D:9      | Reached skill level 12 in Axes
  8527 | D:9      | Found Gitibou's Weapon Boutique.
  8527 | D:9      | Noticed Grum
  8540 | D:9      | Reached **** piety under Okawaru
  8541 | D:9      | Reached skill level 9 in Shields
  8542 | D:9      | HP: 16/91 [troll (8)]
  8542 | D:9      | HP: 7/91 [Grum/-1 spear (9)]
  8547 | D:9      | HP: 22/91 [troll (1)]
  8555 | D:9      | HP: 20/91 [Grum/-1 spear (5)]
  8560 | D:9      | HP: 16/91 [Grum/-1 spear (5)]
  8785 | D:9      | Reached skill level 9 in Armour
  8788 | D:9      | Killed Grum
  8789 | D:9      | Reached XP level 11. HP: 36/97 MP: 5/10
  8971 | D:9      | Found a staircase to the Lair.
  9414 | D:10     | Entered Level 10 of the Dungeon
  9652 | D:10     | HP: 24/97 [something (4)]
  9657 | D:10     | HP: 14/97 [orc warrior/+0 glaive (4)]
  9687 | D:10     | Noticed a two-headed ogre
  9718 | D:10     | HP: 18/97 [two-headed ogre/+0 giant club (8)]
  9721 | D:10     | Slain by a two-headed ogre

Vanquished Creatures
  2 two-headed ogres (D:8)
  An unseen horror (D:10)
  Maggie (D:9)
  An unseen horror zombie (D:8)
  3 trolls
  A wraith (D:9)
  9 yaks
  Grum (D:9)
  A wyvern (D:5)
  A steam dragon (D:6)
  3 water moccasins
  6 orc warriors
  A sky beast (D:8)
  2 black bears
  An ice beast (D:5)
  3 ogres
  3 wolves (D:9)
  3 centaurs
  A phantom (D:4)
  2 kobold brigands
  5 bullfrogs
  A gnoll sergeant (D:7)
  2 scorpions (D:6)
  22 killer bees
  A howler monkey (D:10)
  A jelly (D:6)
  A centaur zombie (D:8)
  3 gnoll boudas
  5 hounds
  3 orc priests
  Crazy Yiuf (D:2)
  9 iguanas
  5 orc wizards
  12 adders
  15 gnolls
  3 shadow imps
  A white imp (D:7)
  4 ufetubi
  4 dart slugs
  49 orcs
  9 ball pythons
  10 endoplasms
  3 giant cockroaches
  9 goblins
  4 hobgoblins
  4 jackals (D:1)
  4 quokkas
  6 bats
  5 frilled lizards
  8 kobolds
  6 rats
261 creatures vanquished.

Table legend:
 A = Non-vault XP
 B = Vault XP
 C = Vault XP percentage of total XP
 D = Non-vault monster count
 E = Vault monster count
 F = Vault count percentage of total count
                 A         B        C        D         E       F
            +---------+---------+-------+---------+---------+-------
      Total |   10832 |    2524 |  18.9 |     215 |      46 |  17.6
            +---------+---------+-------+---------+---------+-------
        D:1 |      60 |       0 |   0.0 |      31 |       0 |   0.0
        D:2 |      72 |      43 |  37.4 |      18 |       3 |  14.3
        D:3 |     312 |       0 |   0.0 |      26 |       0 |   0.0
        D:4 |     348 |       0 |   0.0 |      15 |       0 |   0.0
        D:5 |     859 |       0 |   0.0 |      20 |       0 |   0.0
        D:6 |     860 |     751 |  46.6 |      24 |      11 |  31.4
        D:7 |    1647 |       0 |   0.0 |      17 |       0 |   0.0
        D:8 |    3158 |     423 |  11.8 |      21 |       2 |   8.7
        D:9 |    1930 |    1307 |  40.4 |      24 |      30 |  55.6
       D:10 |    1586 |       0 |   0.0 |      19 |       0 |   0.0
            +---------+---------+-------+---------+---------+-------

Skill      XL: |  1  2  3  4  5  6  7  8  9 10 |
---------------+-------------------------------+-----
Axes           | 3 4 5 6 7 8 10 12 | 12.6
Shields        | 4 5 6 7 9 |  9.3
Fighting       | 4 5 7 8 9 |  9.6
Armour         | 4 5 6 7 9 |  9.3
Throwing       | 1 2 4 5 6 |  6.8

Action                     |  1- 3 |  4- 6 |  7- 9 | 10-12 || total
---------------------------+-------+-------+-------+-------++-------
  Melee: War axe           |    95 |    99 |   232 |    91 ||   517
         Headbutt          |     8 |    16 |    54 |    43 ||   121
         Broad axe         |       |       |       |   146 ||   146
    Use: Scroll            |       |       |    15 |     7 ||    22
         Potion            |       |       |     3 |     2 ||     5
 Armour: Scale mail        |    43 |       |       |       ||    43
         Chain mail        |    46 |   107 |    46 |       ||   199
         Plate armour      |       |       |   285 |   356 ||   641
  Dodge: Dodged            |    42 |    48 |   109 |   108 ||   307
  Block: Buckler           |    33 |    34 |    99 |   108 ||   274

Illustrated notes

Table legend:
 A = Kills in this place as a percentage of kills in the entire game.
 B = Kills by you in this place as a percentage of kills by you in the entire game.
 C = Kills by friends in this place as a percentage of kills by friends in the entire game.
 D = Other kills in this place as a percentage of other kills in the entire game.
 E = Experience gained in this place as a percentage of experience gained in the entire game.
 F = Experience gained in this place divided by the number of levels of this place that you have seen.
                   A       B       C       D       E      F
               +-------+-------+-------+-------+-------+----------------------
         Total | 100.0 | 100.0 |   N/A |   N/A | 100.0 | 1214.2
       Dungeon | 100.0 | 100.0 |   N/A |   N/A | 100.0 | 1335.6
               +-------+-------+-------+-------+-------+----------------------

Table legend: (Time is in decaauts)
 A = Elapsed time spent in this place.
 B = Non-inter-level travel time spent in this place.
 C = Inter-level travel time spent in this place.
 D = Time resting spent in this place.
 E = Time spent auto-exploring this place.
 F = Levels seen in this place.
 G = Mean time per level.
                   A        B        C        D        E       F      G
               +--------+--------+--------+--------+--------+-----+--------+
         Total |   9822 |   9573 |    249 |    872 |   7151 |  11 |  892.9 |
       Dungeon |   9791 |   9542 |    249 |    872 |   7151 |  10 |  979.1 |
        Temple |     30 |     30 |      0 |      0 |      0 |   1 |   30.0 |
               +--------+--------+--------+--------+--------+-----+--------+

Top non-repeatable levels by time:
     D:9: 1290 daAuts
     D:2: 1243 daAuts
     D:8: 1229 daAuts
     D:6: 1132 daAuts
     D:7: 1040 daAuts
     D:4: 986 daAuts
     D:1: 962 daAuts
     D:5: 817 daAuts
     D:3: 781 daAuts
    D:10: 306 daAuts
  Temple: 30 daAuts
